 Dungeon Crawl Stone Soup version 0.29.1-2-gbd0b4ee654 (webtiles) character file.

Game seed: 13269793959394371720

0 MrSixtyFour the Vexing (level 1, -1/15 HPs)
             Began as a Barachi Arcane Marksman on Nov 25, 2022.
             Slain by a rat (2 damage)
             ... on level 1 of the Dungeon.
             The game lasted 00:01:54 (32 turns).

MrSixtyFour the Vexing (Barachi Arcane Marksman)      Turns: 32, Time: 00:01:55

Health: -1/15      AC:  2    Str: 11    XL:     1   Next: 0%
Magic:  0/2        EV: 12    Int: 13    God:
Gold:   0          SH:  0    Dex: 12    Spells: 1/2 levels left

rFire   . . .      SeeInvis .   a - +1 sling
rCold   . . .      Faith    .   (no shield)
rNeg    . . .      Spirit   .   c - +0 robe
rPois   .          Reflect  .   (no helmet)
rElec   .          Harm     .   (no cloak)
rCorr   .          Rampage  .   (no gloves)
Will    .....                   (no boots)
Stlth   +.........              (no amulet)
HPRegen 0.05/turn               (no ring)
MPRegen 0.08/turn               (no ring)

@: slow
A: amphibious, slowness 1, strong legs 1, +LOS
a: Hop


You were on level 1 of the Dungeon.
You visited 1 branch of the dungeon, and saw 1 of its levels.

Inventory:

Hand Weapons
 a - a +1 sling (weapon)
Armour
 c - a +0 robe (worn)
Scrolls
 b - a scroll of poison


   Skills:
 + Level 1.2 Fighting
 + Level 2.0 Ranged Weapons
 + Level 2.1 Dodging
 + Level 1.1 Spellcasting
 + Level 3.2 Hexes


You had one spell level left.
You knew the following spells:

 Your Spells              Type           Power      Damage    Failure   Level
a - Slow                  Hex            36%        N/A       8%          1

Your spell library contained the following spells:

 Spells                   Type           Power      Damage    Failure   Level
 Inner Flame              Hex/Fire       4%         N/A       38%         3
 Portal Projectile        Hex/Tloc       8%         N/A       38%         3
 Cause Fear               Hex            4%         N/A       58%         4


Dungeon Overview and Level Annotations

Branches:
Dungeon (1/15)

Altars:


Innate Abilities, Weirdness & Mutations

You are amphibious.
You cover ground slowly.
You can hop short distances.
You have an extended range of vision and can be seen from far away.


Message History

Aim: a bat (moderately wounded, 39% to hit)
You shoot a sling bullet.
The sling bullet closely misses the bat.
The sling bullet closely misses the hobgoblin.
The bat closely misses you. The bat hits you but does no damage.
Casting: Slow (safe; 8% risk of failure)
Confirm with . or Enter, or press ? or * to list all spells.
Aiming: Slow (safe; 8% risk of failure)
Press: ? - help, Shift-Dir - straight line, f - hobgoblin, p - bat
Aim: a hobgoblin (chance to affect: 64%)
The hobgoblin struggles to resist.
The bat barely misses you. The bat closely misses you.
Really attack while wielding your +1 sling? [Y]es or [N]o only, please.
Really attack while wielding your +1 sling?
Okay, then.
The bat attacks as you move away! The bat hits you but does no damage.
The hobgoblin attacks as you move away! The hobgoblin hits you.
The bat hits you but does no damage.
The rat bites the plant.
The plant begins to die.
The bat barely misses you.
Your magical contamination has completely faded away.
The bat barely misses you.
You don't have enough magic to cast this spell.
Really attack while wielding your +1 sling?
You clumsily bash the hobgoblin but do no damage.
A nearby plant withers and dies.
The bat misses you. The hobgoblin hits you.
Fire: a) +1 sling
Press: ? - help, Shift-Dir - straight line, f/p - hobgoblin
Aim: a hobgoblin (56% to hit)
You shoot a sling bullet.
The sling bullet barely misses the hobgoblin.
The sling bullet hits the plant.
The plant begins to die.
The plant is lightly damaged.
The bat hits you but does no damage. The hobgoblin hits you. x2
* * * LOW HITPOINT WARNING * * *
The rat bites you.
* * * LOW HITPOINT WARNING * * *
The rat attacks as you move away! The rat bites you.
You die...

#≈≈≈≈..P♣P
#≈≈≈~....# ######
#≈≈≈.....##.....#
#≈≈~..♣...'.....#
#≈≈~......'.....#
#≈≈~≈.....'.....#
#≈≈≈~....##.....#
#≈≈~...gr## ....#
#≈≈~...@b.# .....
#≈≈≈~....♣# .###
#≈≈≈~....♣# #
#≈≈~.....P#
#≈~.......#
#~~≈~....P#
#≈≈~.....♣######
#≈≈≈......♣P.P.♣
#≈≈≈~..........♣♣♣♣


You could see a hobgoblin, a bat and a rat.

Vanquished Creatures (others)
  A plant (D:1)
1 creature vanquished.

Notes
Turn   | Place    | Note
-------+----------+-------------------------------------------
     0 | D:1      | MrSixtyFour the Barachi Arcane Marksman began the quest for
                  | the Orb.
     0 | D:1      | Reached XP level 1. HP: 15/15 MP: 2/2
    32 | D:1      | Slain by a rat

Illustrated notes

Levels and vault maps discovered:
D:1:      kennysheep_arrival_seaside, layout_loops_corners

Action                   || total
-------------------------++-------
Melee: Sling             ||     1
 Fire: Sling             ||     3
 Cast: Slow              ||     1
Armor: Robe              ||     4
Dodge: Dodged            ||     8
